 Dungeon Crawl Stone Soup version 0.31-a0-536-ga3e2962e35 (webtiles) character file.

Game seed: 15350196013425537504

27 ANON1729 the Insei (level 3, 0/31 HPs)
             Began as a Meteoran Monk on Aug 13, 2023.
             Slain by Terence
             ... wielding a +3 hand axe of freezing
              (9 damage)
             ... on level 2 of the Dungeon.
             The game lasted 00:00:59 (368 turns).

ANON1729 the Insei (Meteoran Monk)                   Turns: 368, Time: 00:00:59

Health: 0/31       AC:  2    Str: 13    XL:     3   Next: 44%
Magic:  4/5        EV: 13    Int: 11    God:
Gold:   47         SH:  0    Dex: 18    Spells: 2/2 levels left

rFire   . .          .
                       - Unarmed
rCold   . . .        c - orb {light}
rNeg    . . .        a - +0 robe
rPois   .            (no helmet)
rElec   .            (no cloak)
rCorr   .            (no gloves)
SInv    .            (no boots)
Will    .....        (no amulet)
Stlth   +            (no ring)
HPRegen 0.25/turn    (no ring)
MPRegen 0.09/turn

%: no passive effects
@: glowing
A: sense surroundings 1, otherworldly, glowing, explore regen
a: no special abilities


You were on level 2 of the Dungeon.
You visited 1 branch of the dungeon, and saw 2 of its levels.

You collected 47 gold pieces.

Inventory:

Armour
 a - a +0 robe (worn)
 c - an orb of light (worn)
Scrolls
 d - a scroll of noise {unknown}
 e - 2 scrolls of enchant armour {unknown}
 g - a scroll of acquirement {unknown}
 h - a scroll of immolation {unknown}
Potions
 b - a potion of ambrosia
 f - a potion of attraction {unknown}
 i - a potion of enlightenment {unknown}


   Skills:
 + Level 3.5 Fighting
 + Level 3.6 Dodging
 + Level 3.9 Unarmed Combat
 + Level 1.4 Invocations
 + Level 0.9 Shapeshifting


You had 2 spell levels left.
You didn't know any spells.
Your spell library was empty.

Dungeon Overview and Level Annotations

Branches:
Dungeon (2/15) Zot: 834

Altars:

Annotations:
D:2 Terence


Innate Abilities, Weirdness & Mutations

You passively map a small area around you.
You are easily found by Zot.
You glow in the dark.
You regain HP and MP as you explore.


Message History

The goblin attacks as you move away! The goblin closely misses you.
Things that are here:
a +0 short sword; a kobold corpse
Things that are here:
a +0 dagger; 4 stones; an adder corpse You hit the goblin.
The goblin is moderately wounded.
The goblin closely misses you.
You hit the goblin.
The goblin is heavily wounded.
The goblin closely misses you.
You hit the goblin.
You kill the goblin!
Terence hits you with a +3 hand axe of freezing.
Terence freezes you. The goblin hits you with a +0 club. Terence misses you.
A goblin comes into view. It is wielding a +0 dagger of speed.
Things that are here:
a +0 dagger; a +0 short sword; a kobold corpse Terence barely misses you.
Things that are here:
a +0 dagger; 4 stones; an adder corpse The goblin attacks as you move away!
The goblin misses you.
Terence says, "Time to say good-bye..."
The goblin attacks as you move away! The goblin hits you with a +0 club.
You hit the goblin.
The goblin is heavily wounded.
The goblin completely misses you.
You punch the goblin!
You kill the goblin!
You hit Terence but do no damage. Terence barely misses you.
You hit Terence but do no damage.
Terence hits you with a +3 hand axe of freezing!
* * * LOW HITPOINT WARNING * * *
Terence freezes you.
* * * LOW HITPOINT WARNING * * *
You hit Terence.
Terence is lightly wounded.
Terence hits you with a +3 hand axe of freezing!
You die...

............##.......#
..........#..#.......#
#....................#
#.........###.....#.## #
#.....g......)).#...#
#####.#
#.........#####...####
#...#.# ...##...###
#......# #.....# .#
#.##########@##..##
#....# , ....
,.......@##...#####...#
..###
.....................###
.#.
....######..###K.......#
# * ...,*
##.#P.PP†...#.# .., *
#.~~P~~~...#.. #
#.P~♣♣~~P~.<..
##P♣♣♣♣♣~P~.## * #P~~
♣~PKP.# #P~♣ ♣P~P.##


You could see Terence.

Vanquished Creatures
  An adder (D:2)
  A dart slug (D:1)
  A ball python (D:1)
  2 giant cockroaches (D:1)
  2 goblins (D:2)
  A hobgoblin (D:2)
  2 quokkas (D:1)
  A frilled lizard (D:1)
  3 kobolds
  A rat (D:1)
15 creatures vanquished.

Notes
Turn   | Place    | Note
-------+----------+-------------------------------------------
     0 | D:1      | ANON1729 the Meteoran Monk began the quest for the Orb.
     0 | D:1      | Reached XP level 1. HP: 19/19 MP: 2/2
    74 | D:1      | Reached XP level 2. HP: 23/26 MP: 3/3
   285 | D:1      | Reached skill level 1 in Invocations
   332 | D:2      | Reached XP level 3. HP: 28/31 MP: 4/4
   342 | D:2      | Noticed Terence
   368 | D:2      | Slain by Terence

Illustrated notes

Levels and vault maps discovered:
D:1:      lightli_arrival_lavapool, layout_loops_corners
D:2:      layout_rooms, serial_bayou, serial_bayou_shore_a, serial_bayou_pond_e,
          serial_bayou_pond_d, serial_bayou_pond_d, serial_bayou_pond_c,
          uniq_terence

Skill      XL: |  1  2 |
---------------+-------+-----
Invocations    | 1 |  1.4
Fighting       | |  3.5
Dodging        | |  3.6
Unarmed Combat | |  3.9
Shapeshifting  | |  0.9

Action                     || total
---------------------------++-------
  Melee: Unarmed           ||    44
 Armour: Robe              ||     2
  Dodge: Dodged            ||    32

Table legend: (Time is in decaauts)
 A = Elapsed time spent in this place.
 B = Non-inter-level travel time spent in this place.
 C = Inter-level travel time spent in this place.
 D = Time resting spent in this place.
 E = Time spent auto-exploring this place.
 F = Levels seen in this place.
 G = Mean time per level.
                   A        B        C        D        E       F      G
               +--------+--------+--------+--------+--------+-----+--------+
         Total |    364 |    364 |      0 |      0 |    207 |   2 |  182.0 |
       Dungeon |    364 |    364 |      0 |      0 |    207 |   2 |  182.0 |
               +--------+--------+--------+--------+--------+-----+--------+

Top non-repeatable levels by time:
     D:1: 291 daAuts
     D:2: 73 daAuts
